 Dungeon Crawl Stone Soup version 0.23.2-1-ga50397a6bc (webtiles) character file.

Game seed: 15815053434597150137

578398 malark the Slayer (level 25, -21/245 HPs)
             Began as a Minotaur Fighter on May 1, 2019.
             Was a High Priest of Okawaru.
             Killed from afar by an orb of fire (46 damage)
             ... with a bolt of fire
             ... on level 1 of the Realm of Zot on May 2, 2019.
             The game lasted 06:17:09 (49204 turns).

malark the Slayer (Minotaur Fighter)               Turns: 49204, Time: 06:17:10

Health: -21/245    AC: 56    Str: 46    XL:     25   Next: 85%
Magic:  25/29      EV: 12    Int:  5    God:    Okawaru [*****.]
Gold:   6041       SH: 33    Dex: 12    Spells: 24/24 levels left

rFire    . . .     SeeInvis +   D - +10 morningstar "Eos" {elec, Halo rElec}
rCold    + . .     Gourm    .   H - +2 large shield of Adeleesu {rPois rC+ Regen+}
rNeg     . . .     Faith    .   y - +13 crystal plate armour of Chill Winds {MR+ Stlth+}
rPois    +         Spirit   .   I - +2 hat {SInv}
rElec    +         Reflect  .   q - scarf {cloud immunity}
rCorr    .         Harm     .   k - +2 pair of gloves {Str+3}
MR       +++..                  o - +2 pair of boots {Fly}
Stlth    ..........             p - amulet of regeneration
HPRegen  0.00/turn              i - ring of Zin's Favour {rElec rPois MR+ AC+2 Str+8}
MPRegen  0.21/turn              B - +4 ring of strength

@: heroism, finesse, flying, glowing
A: retaliatory headbutt, horns 2, blurry vision 1, inhibited regeneration,
subdued magic 1
}: 3/15 runes: decaying, serpentine, silver
a: Heroism, Finesse, Renounce Religion, Stop Flying


You were on level 1 of the Realm of Zot.
You worshipped Okawaru.
Okawaru was extremely pleased with you.
You were not hungry.

You visited 10 branches of the dungeon, and saw 46 of its levels.
You also visited: Ice Cave and Volcano.

You collected 6511 gold pieces.
You spent 470 gold pieces at shops.

Inventory:

Hand Weapons
 a - a +9 war axe of electrocution
   (Okawaru gifted it to you on level 15 of the Dungeon)
 b - a +9 hand axe of flaming
   (You took it off a wight on level 7 of the Dungeon)
 c - the +10 long sword "Sarcophage" {drain, rC+++ Str+4 Dex-4 SInv}
   (You found it on level 1 of the Swamp)

   A truly terrible weapon, it drains the life of those it strikes.
   It affects your strength (+4).
   It affects your dexterity (-4).
   It renders you almost immune to cold.
   It lets you see invisible.
 D - the +10 morningstar "Eos" (weapon) {elec, Halo rElec}
   (You found it on level 2 of the Depths)

   Occasionally, upon striking a foe, it will discharge some electrical energy
   and cause terrible harm.
   It insulates you from electricity.
Missiles
 J - a throwing net (quivered) {!f}
Armour
 k - a +2 pair of gloves of strength (worn)
   (Okawaru gifted it to you on level 5 of the Vaults)
 o - a +2 pair of boots of flying (worn)
   (You found it on level 15 of the Dungeon)
 q - a scarf of cloud immunity (worn)
   (Okawaru gifted it to you on level 13 of the Dungeon)
 y - the +13 crystal plate armour of Chill Winds (worn) {MR+ Stlth+}
   (Okawaru gifted it to you on level 12 of the Dungeon)

   It affects your resistance to hostile enchantments.
   It makes you more stealthy.
 H - the +2 large shield of Adeleesu (worn) {rPois rC+ Regen+}
   (Okawaru gifted it to you on level 2 of the Elven Halls)

   It protects you from cold.
   It protects you from poison.
   It increases your rate of regeneration.
 I - a +2 hat of see invisible (worn)
   (You found it on level 11 of the Dungeon)
Jewellery
 g - the ring of Shadows {Umbra +Inv Stlth+}
   (You took it off a boggart on level 4 of the Depths)

   [ring of stealth]

   It lets you turn invisible.
   It makes you more stealthy.
 i - the ring of Zin's Favour (left hand) {rElec rPois MR+ AC+2 Str+8}
   (You found it on level 10 of the Dungeon)

   [ring of protection]

   It affects your AC (+2).
   It affects your strength (+8).
   It insulates you from electricity.
   It protects you from poison.
   It affects your resistance to hostile enchantments.
 p - an amulet of regeneration (around neck)
   (You found it on level 3 of the Elven Halls)
 s - the ring "Cefoid" {rC+ MR+ Int+2 Dex+2}
   (You found it on level 2 of the Depths)

   [ring of protection from cold]

   It affects your intelligence (+2).
   It affects your dexterity (+2).
   It protects you from cold.
   It affects your resistance to hostile enchantments.
 B - a +4 ring of strength (right hand)
   (You found it in an ice cave)
Wands
 u - a wand of paralysis (42)
   (You found it on level 3 of the Lair of Beasts)
 v - a wand of digging (25)
   (You took it off a gnoll on level 6 of the Dungeon)
Scrolls
 d - 15 scrolls of magic mapping
 m - 19 scrolls of remove curse {@r2}
 r - 3 scrolls of identify {@r1}
 x - a scroll of enchant armour
 z - a scroll of enchant weapon
 C - 5 scrolls of fear
 E - 3 scrolls of teleportation {@r4}
Potions
 f - 4 potions of invisibility
 h - 11 potions of cancellation
 j - 5 potions of flight
 n - 8 potions of mutation {!q}
 t - 8 potions of curing {@q1}
 A - a potion of haste {@q3}
 M - 3 potions of ambrosia
Comestibles
 e - 64 rations {!d}


   Skills:
 + Level 24.0(27) Fighting
 + Level 20.3(25.3) Long Blades
 + Level 23.9(27) Axes
 + Level 24.0(27) Armour
 + Level 23.9(27) Shields
 - Level 10.0 Invocations


You had 24 spell levels left.
You didn't know any spells.
Your spell library contained the following spells:

 Spells                   Type           Power        Failure   Level  Hunger
 Animate Skeleton         Necr           N/A          82%         1    ##.....
 Apportation              Tloc           #.....       82%         1    ##.....
 Beastly Appendage        Tmut           #.....       82%         1    ##.....
 Confusing Touch          Hex            #.....       82%         1    ##.....
 Corona                   Hex            #......      82%         1    ##.....
 Infusion                 Chrm           #...         82%         1    ##.....
 Magic Dart               Conj           #...         82%         1    ##.....
 Pain                     Necr           #...         82%         1    ##.....
 Sandblast                Erth           #.....       82%         1    ##.....
 Shock                    Conj/Air       #...         82%         1    ##.....
 Summon Butterflies       Summ           #.......     82%         1    ##.....
 Summon Small Mammal      Summ           #...         82%         1    ##.....
 Blink                    Tloc           N/A          92%         2    ###....
 Call Imp                 Summ           #.......     92%         2    ###....
 Corpse Rot               Necr           N/A          92%         2    ###....
 Ensorcelled Hibernation  Hex/Ice        #.....       92%         2    ###....
 Passwall                 Tmut/Erth      #.......     92%         2    ###....
 Poisonous Vapours        Pois/Air       #.....       92%         2    ###....
 Searing Ray              Conj           #.....       92%         2    ###....
 Shroud of Golubria       Chrm/Tloc      #.........   92%         2    ###....
 Slow                     Hex            #.......     92%         2    ###....
 Song of Slaying          Chrm           #.......     92%         2    ###....
 Sticks to Snakes         Tmut           #.......     92%         2    ###....
 Sublimation of Blood     Necr           #.........   92%         2    ###....
 Swiftness                Chrm/Air       #.......     92%         2    ###....
 Throw Frost              Conj/Ice       #.....       92%         2    ###....
 Call Canine Familiar     Summ           #.......     99%         3    ####...
 Confuse                  Hex            #.......     99%         3    ####...
 Conjure Flame            Conj/Fire      #.......     99%         3    ####...
 Dazzling Spray           Conj/Hex       #.....       99%         3    ####...
 Gell's Gravitas          Tloc           #.........   99%         3    ####...
 Ignite Poison            Fire/Tmut/Pois #.......     99%         3    ####...
 Lesser Beckoning         Tloc           #.........   99%         3    ####...
 Mephitic Cloud           Conj/Pois/Air  #.......     99%         3    ####...
 Ozocubu's Armour         Chrm/Ice       #.......     99%         3    ####...
 Portal Projectile        Hex/Tloc       #.....       99%         3    ####...
 Regeneration             Chrm/Necr      #.........   99%         3    ####...
 Spider Form              Tmut/Pois      #.........   99%         3    ####...
 Static Discharge         Conj/Air       #.......     99%         3    ####...
 Stone Arrow              Conj/Erth      #.....       99%         3    ####...
 Tukima's Dance           Hex            #.......     99%         3    ####...
 Vampiric Draining        Necr           #.........   99%         3    ####...
 Airstrike                Air            #.........   100%        4    #####..
 Animate Dead             Necr           N/A          100%        4    #####..
 Force Lance              Conj/Tloc      #.......     100%        4    #####..
 Fulminant Prism          Conj/Hex       #.........   100%        4    #####..
 Ice Form                 Ice/Tmut       #.......     100%        4    #####..
 Leda's Liquefaction      Hex/Erth       #.........   100%        4    #####..
 Passage of Golubria      Tloc           N/A          100%        4    #####..
 Petrify                  Tmut/Erth      #.......     100%        4    #####..
 Summon Ice Beast         Ice/Summ       #.......     100%        4    #####..
 Alistair's Intoxication  Tmut/Pois      #.......     100%        5    ######.
 Blade Hands              Tmut           #.........   100%        5    ######.
 Bolt of Magma            Conj/Fire/Erth #.........   100%        5    ######.
 Borgnjor's Vile Clutch   Necr/Erth      #.........   100%        5    ######.
 Irradiate                Conj/Tmut      #.........   100%        5    ######.
 Iskenderun's Battlesphe  Conj/Chrm      #.......     100%        5    ######.
 Lee's Rapid Deconstruct  Erth           #.........   100%        5    ######.
 Lightning Bolt           Conj/Air       #.........   100%        5    ######.
 Metabolic Englaciation   Hex/Ice        #.........   100%        5    ######.
 Silence                  Hex/Air        #.........   100%        5    ######.
 Summon Forest            Summ/Tloc      #.........   100%        5    ######.
 Summon Mana Viper        Hex/Summ       #.......     100%        5    ######.
 Venom Bolt               Conj/Pois      #.........   100%        5    ######.
 Bolt of Cold             Conj/Ice       #.........   100%        6    #######
 Bolt of Fire             Conj/Fire      #.........   100%        6    #######
 Darkness                 Hex            #.........   100%        6    #######
 Deflect Missiles         Chrm/Air       #.........   100%        6    #######
 Dispersal                Tloc           #.........   100%        6    #######
 Freezing Cloud           Conj/Ice/Air   #.........   100%        6    #######
 Hydra Form               Tmut           #.........   100%        6    #######
 Invisibility             Hex            #.......     100%        6    #######
 Iron Shot                Conj/Erth      #.........   100%        6    #######
 Ozocubu's Refrigeration  Ice            #.........   100%        6    #######
 Shadow Creatures         Summ           N/A          100%        6    #######
 Simulacrum               Ice/Necr       #.........   100%        6    #######
 Dragon Form              Tmut           #.........   100%        7    #######
 Orb of Destruction       Conj           #.........   100%        7    #######
 Ring of Flames           Chrm/Fire      #.........   100%        7    #######
 Spellforged Servitor     Conj/Summ      #.........   100%        7    #######
 Summon Hydra             Summ           #.........   100%        7    #######
 Controlled Blink         Tloc           N/A          100%        8    #######
 Disjunction              Tloc           #.........   100%        8    #######
 Ignition                 Fire           #.........   100%        8    #######
 Shatter                  Erth           #.........   100%        9    #######
 Tornado                  Air            #.........   100%        9    #######


Dungeon Overview and Level Annotations

Branches:
Dungeon (15/15)            Temple (1/1) D:4            Lair (6/6) D:9
  Swamp (4/4) Lair:4        Snake (4/4) Lair:3        Slime (0/5) Lair:6
    Orc (2/2) D:10            Elf (3/3) Orc:2        Vaults (5/5) D:14
  Crypt (0/3) Vaults:2     Depths (5/5) D:15            Zot (1/5) Depths:5

Altars:
Ashenzari
Cheibriados
Dithmenos
Elyvilon
Fedhas
Gozag
Hepliaklqana
Kikubaaqudgha
Makhleb
Nemelex Xobeh
Okawaru
Qazlal
Ru
Sif Muna
Trog
Uskayaw
Vehumet
Wu Jian
Xom
Yredelemnul
Zin
The Shining One
Beogh

Shops:
D:15 !   Orc:2 (%%}   Elf:1 [   Elf:2 :   Snake:2 (:[%

Portals:
Hell: Depths:1 Depths:2 Depths:3 Depths:4 Depths:5
Abyss: Depths:1 Depths:2 Depths:4
Pandemonium: Depths:3
Ziggurat: Depths:3
Trove: Elf:1 (give 10 potions of heal wounds)


Innate Abilities, Weirdness & Mutations

You reflexively headbutt those who attack you in melee.
You have a pair of horns on your head.
Scrolls take you a little longer to read.
You do not regenerate when monsters are visible.
Your spells are a little easier to cast, but a little less powerful.


Message History

You slash the electric golem!
Your headbutt misses the electric golem.
You miss the electric golem.
Your headbutt misses the electric golem.
The electric golem crackles and sizzles.
You block the electric golem's attack. x2
The electric golem hits you but does no damage.
You block the electric golem's attack.
You slash the electric golem!
Your headbutt misses the electric golem.
You completely miss the electric golem. You headbutt the electric golem.
You destroy the electric golem!
Okawaru accepts your kill.
Your base Armour skill increases to level 24!
You miss the orb of fire. Your headbutt misses the orb of fire.
You hit the orb of fire but do no damage.
Your headbutt misses the orb of fire.
The orb of fire glows yellow.
The fireball explodes!
The fireball engulfs you!!!
* * * LOW HITPOINT WARNING * * *
The fireball engulfs the orb of fire.
The orb of fire completely resists.
You feel better.
The orb of fire glows red.
The bolt of fire hits you.
* * * LOW HITPOINT WARNING * * *
Wield which item (- for none, * to show all)? (? for menu, Esc to quit)
You hear the crackle of electricity.
D - the +10 morningstar "Eos" (weapon)
{elec, Halo rElec} The orb of fire glows deep purple.
Strange energies course through your body.
Your vision blurs.
You barely miss the orb of fire.
You hit the orb of fire but do no damage.
You headbutt the orb of fire!
You hit the orb of fire but do no damage.
Your headbutt misses the orb of fire. You puncture the orb of fire!
Your headbutt misses the orb of fire. You spit the orb of fire like a pig!!!
You hit the orb of fire but do no damage.
Your headbutt misses the orb of fire.
The orb of fire glows bright magenta.
The fireball explodes!
The fireball engulfs you!!!
* * * LOW HITPOINT WARNING * * *
The fireball engulfs the orb of fire.
The orb of fire completely resists.
You hit the orb of fire. You closely miss the orb of fire.
You headbutt the orb of fire!! You miss the orb of fire.
The orb of fire glows deep purple.
The bolt of fire hits you!!!
You die...

##### ## #!∩)# #.
##'## #.. #.).#
##'##...# ##
#'##...##)##...##
......*@.........
.8...............
.................
.................
#+##...##'##...##
##+# ... #'##
...# ..# #+## .#


You could see an orb of fire.

Vanquished Creatures
  Mara (Swamp:3)
  2 ancient liches
  Sojobo (Vaults:5)
  Margery (Depths:4)
  Xtahua (Depths:3)
  Saint Roka (Vaults:2)
  Bai Suzhen (Swamp:3)
  A caustic shrike (Depths:3)
  A curse toe (Zot:1)
  4 golden dragons
  Jory (Vaults:3)
  the Enchantress (Depths:5)
  A Tzitzimitl (Depths:4)
  An electric golem (Zot:1)
  An iron giant (shapeshifter) (Depths:4)
  3 tentacled monstrosities
  5 liches
  Rupert (Lair:3)
  A deep elf blademaster (Elf:3)
  3 quicksilver dragons (Vaults:5)
  7 titans
  A quicksilver dragon (shapeshifter) (Depths:2)
  4 deep elf master archers (Elf:3)
  Gastronok (Lair:1)
  2 sphinxes
  10 shadow dragons
  11 tengu reavers
  Kirke (Lair:4)
  8 storm dragons
  7 nagarajas (Snake:4)
  A thorn hunter (Swamp:2)
  A draconian monk (Depths:5)
  8 frost giants
  11 fire giants
  8 iron dragons
  10 deep elf sorcerers
  Louise (Swamp:3)
  A draconian scorcher (Zot:1)
  A ghost moth (shapeshifter) (Depths:4)
  19 vault wardens
  3 orc warlords
  The ghost of wpisznazwe the Spry, a journeyman MfBe of Trog (Lair:3)
  A ghoul (Vaults:2)
  20 ironheart preservers
  2 draconian annihilators
  3 war gargoyles
  5 deep elf elementalists
  Aizul (Elf:2)
  19 stone giants
  An entropy weaver (shapeshifter) (Depths:2)
  3 spriggan defenders (Depths:5)
  An entropy weaver (Vaults:5)
  A green draconian (Depths:5)
  4 vampire knights
  9 deep elf demonologists
  19 very ugly things
  A black draconian (Depths:5)
  2 purple draconians (Depths:5)
  A red draconian (Depths:5)
  A white draconian (Depths:5)
  6 deep elf annihilators
  7 spark wasps (Depths:4)
  2 spark wasps (shapeshifter)
  Snorg (D:12)
  17 ettins
  2 blizzard demons (Depths:2)
  10 deep elf death magi
  The ghost of Thargor the Thaumaturge, a journeyman GnWr of Cheibriados (D:15)
  2 fire dragons (shapeshifter) (Depths:2)
  9 crystal guardians (Depths:2)
  8 fire dragons
  8 great orbs of eyes
  12 ice dragons
  18 yaktaur captains
  5 spriggan air magi
  7 deep elf high priests
  36 vault guards
  5 rakshasas
  18 naga warriors
  The ghost of Ykky the Pandemonic, a journeyman DsMo of Makhleb (D:11)
  Erolcha (D:11)
  30 hydras
  8 anacondas
  4 death knights
  2 anacondas (shapeshifter) (Depths:2)
  4 shambling mangroves
  A large abomination (Elf:3)
  9 centaur warriors
  37 two-headed ogres
  43 dancing weapons
  12 alligators
  Erica (D:8)
  3 ghost crabs
  13 ogre magi
  3 small abominations
  2 death yaks (IceCv)
  A death yak (shapeshifter) (Depths:2)
  3 tengu warriors
  6 deep troll shamans
  A vampire mage (Depths:1)
  7 deep troll earth magi
  13 naga sharpshooters
  11 shock serpents
  6 orc high priests
  2 spriggan berserkers (Depths:3)
  2 shock serpents (shapeshifter)
  13 deep elf knights
  A soul eater (Depths:3)
  8 shadow wraiths
  5 hell knights (Depths:4)
  A skeletal warrior (D:14)
  3 salamander mystics
  The ghost of strelocc the Fighter, a novice GrBe of Trog (D:7)
  2 sea snakes (Snake:2)
  A sixfirhy (Depths:3)
  5 spriggan druids
  19 deep trolls
  A sea snake (shapeshifter) (Depths:2)
  4 unseen horrors
  3 flayed ghosts
  10 glowing orange brains
  4 shadow demons
  13 deep elf archers
  3 obsidian statues (Depths:2)
  A lindwurm (shapeshifter) (Depths:2)
  2 phantasmal warriors
  6 swamp dragons (Swamp:4)
  9 naga ritualists
  An orange crystal statue (Depths:2)
  4 harpies (Vaults:4)
  8 wizards
  8 mana vipers
  A harpy (shapeshifter) (Vaults:5)
  2 lindwurms (Lair:6)
  2 wolf spiders (Vaults:1)
  23 orc knights
  18 ironbrand convokers
  6 necromancers
  7 orc sorcerers
  The ghost of Cykl0x the Chopper, a novice FoFi (D:5)
  A mana viper (shapeshifter) (Vaults:5)
  A fire giant zombie (Vaults:4)
  44 ugly things
  A manticore (shapeshifter) (Elf:3)
  2 oklob plants (Lair:6)
  A wolf spider (shapeshifter) (Depths:2)
  2 cyclopes (shapeshifter)
  5 manticores
  2 human zombies (Vaults:4)
  6 salamanders
  2 stone giant skeletons (Vaults:4)
  A salamander (shapeshifter) (D:15)
  A shadow dragon skeleton (Vaults:4)
  A moth of wrath (D:7)
  The ghost of voshxz the Cudgeler, a novice GrBe of Trog (D:5)
  Joseph (D:11)
  55 deep elf magi
  13 elephants
  A moth of wrath (shapeshifter) (Vaults:5)
  14 vault sentinels
  A guardian serpent (Snake:2)
  31 naga magi
  A frost giant skeleton (Vaults:4)
  A rust devil (Depths:3)
  2 elephants (shapeshifter)
  5 toenail golems (Volcano)
  7 gargoyles
  An ice statue (IceCv)
  32 black mambas
  A molten gargoyle (Depths:2)
  5 centaur zombies
  A torpor snail (shapeshifter) (Depths:2)
  A black mamba (shapeshifter) (Depths:1)
  5 torpor snails (Lair:6)
  18 spiny frogs
  An elf zombie (Vaults:5)
  A kobold demonologist (D:13)
  2 centaur skeletons (D:14)
  10 freezing wraiths
  38 yaktaurs
  A rime drake (Lair:4)
  4 komodo dragons
  2 yaktaurs (shapeshifter)
  A yaktaur skeleton (Vaults:5)
  The ghost of voshxz the Insei, a novice OpTm (D:5)
  2 human skeletons
  A red devil (Depths:3)
  A troll (shapeshifter) (Depths:2)
  A meliai (D:15)
  2 queen bees (shapeshifter)
  9 trolls
  11 tyrant leeches
  A queen bee (D:15)
  24 polar bears
  3 bog bodies
  A wind drake (Depths:2)
  7 raiju
  A blink frog (shapeshifter) (Vaults:1)
  A stone giant simulacrum (Vaults:5)
  22 hornets
  25 slime creatures
  A harpy skeleton (D:15)
  20 blink frogs
  A slime creature (shapeshifter) (Vaults:5)
  A hippogriff (shapeshifter) (Depths:2)
  2 ettin zombies (Vaults:5)
  A frost giant simulacrum (Vaults:2)
  6 hippogriffs
  A fire giant simulacrum (Vaults:1)
  8 shadows
  8 water elementals
  8 air elementals
  A ynoxinul (Depths:3)
  6 wraiths
  A vampire (D:15)
  6 spriggans
  A tarantella (shapeshifter) (Vaults:5)
  3 redbacks (Vaults:5)
  4 wyverns
  Eustachio (D:6)
  6 basilisks
  A human (D:7)
  A yak (shapeshifter) (Elf:3)
  57 yaks
  A basilisk (shapeshifter) (Vaults:1)
  A human (shapeshifter) (Vaults:1)
  7 fire elementals
  Grum (D:9)
  A neqoxec (D:11)
  7 hogs
  2 hungry ghosts
  19 vampire mosquitoes
  2 human simulacra
  Menkaure (D:5)
  A steam dragon (D:11)
  10 wargs
  3 acid dragons
  7 insubstantial wisps
  A yaktaur simulacrum (Vaults:1)
  50 nagas
  13 swamp worms
  19 water moccasins
  A floating eye (shapeshifter) (Depths:2)
  13 hell hounds (Lair:6)
  9 swamp drakes
  A floating eye (Depths:5)
  8 porcupines
  A hornet zombie (D:5)
  A phantom (D:6)
  A sky beast (D:14)
  A black bear (shapeshifter) (Depths:1)
  13 black bears
  68 orc warriors
  3 eyes of draining
  4 ice beasts
  An ogre (shapeshifter) (Vaults:1)
  An eye of draining (shapeshifter) (Vaults:3)
  A necrophage (D:12)
  10 boggarts
  43 ogres
  57 wolves
  23 centaurs
  A centaur (shapeshifter) (Depths:2)
  11 crocodiles
  A big kobold (D:11)
  17 bullfrogs
  3 gnoll sergeants
  14 earth elementals
  A wyvern zombie (D:10)
  A glowing shapeshifter simulacrum (Vaults:3)
  A wyvern skeleton (D:14)
  A water moccasin skeleton (D:7)
  18 killer bees
  7 scorpions
  19 wights
  5 howler monkeys
  3 electric eels (Snake:2)
  8 crimson imps
  2 bullfrog zombies
  5 quasits
  4 hounds
  2 iron imps
  The ghost of BorisKarlOrff the Sneak, a weakling SpEn (D:3)
  32 orc wizards
  Crazy Yiuf (D:5)
  50 orc priests
  2 bullfrog skeletons
  4 iguanas
  8 worker ants
  A hound skeleton (D:7)
  A howler monkey zombie (D:8)
  19 gnolls
  16 adders
  A shadow imp (D:8)
  2 ufetubi (Depths:3)
  2 oozes
  An adder skeleton (D:9)
  5 worms
  A ball lightning (Depths:2)
  3 dart slugs (D:2)
  5 leopard geckos
  111 orcs
  4 bats
  6 giant cockroaches
  6 goblins
  10 hobgoblins
  9 jackals
  11 kobolds
  2 quokkas
  4 ball pythons
  3 frilled lizards
  A jackal skeleton (D:4)
  4 rats (D:1)
  4 crawling corpses
  3 fungi
  6 plants
2293 creatures vanquished.

Vanquished Creatures (collateral kills)
  A yaktaur captain (Vaults:1)
  A yak (Lair:3)
  A wolf (Lair:3)
3 creatures vanquished.

Vanquished Creatures (others)
  A shadow dragon (Vaults:5)
  An ironheart preserver (Vaults:5)
  An alligator (Swamp:1)
  A deep elf knight (Vaults:3)
  An orc knight (Vaults:5)
  A deep elf mage (Elf:2)
  A salamander (Depths:5)
  A naga mage (Snake:4)
  A hornet (Swamp:4)
  A vampire mosquito (Swamp:1)
  2 insubstantial wisps (Depths:2)
  An ogre (Vaults:5)
  2 wolves
  An orc wizard (Vaults:5)
  8 ball lightnings (Depths:2)
  4 fungi
  11 plants
39 creatures vanquished.

Grand Total: 2335 creatures vanquished

Notes
Turn   | Place    | Note
-------+----------+-------------------------------------------
     0 | D:1      | malark the Minotaur Fighter began the quest for the Orb.
     0 | D:1      | Reached XP level 1. HP: 19/19 MP: 0/0
   136 | D:1      | Reached XP level 2. HP: 27/27 MP: 1/1
   523 | D:2      | Reached XP level 3. HP: 33/33 MP: 2/2
  1030 | D:2      | Found a deep blue altar of Sif Muna.
  1122 | D:2      | Reached XP level 4. HP: 41/41 MP: 3/3
  1535 | D:3      | Found a bloodstained altar of Trog.
  1816 | D:3      | Reached XP level 5. HP: 47/47 MP: 4/4
  2036 | D:3      | Found a sparkling altar of Nemelex Xobeh.
  2105 | D:3      | Found a runed translucent gate.
  2107 | D:3      | Found a runed translucent gate.
  2107 | D:3      | Found a runed translucent gate.
  2108 | D:3      | Noticed BorisKarlOrff's ghost (weakling SpEn)
  2125 | D:3      | Killed BorisKarlOrff's ghost
  2298 | D:4      | Reached skill level 5 in Fighting
  2298 | D:4      | Reached skill level 5 in Armour
  2305 | D:4      | Reached skill level 5 in Shields
  2400 | D:4      | Found a blossoming altar of Fedhas.
  2408 | D:4      | Reached XP level 6. HP: 56/56 MP: 5/5
  2471 | D:4      | Found a staircase to the Ecumenical Temple.
  2484 | Temple   | Entered the Ecumenical Temple
  2640 | Temple   | Became a worshipper of Warmaster Okawaru
  2924 | D:5      | Entered Level 5 of the Dungeon
  2928 | D:5      | Noticed Menkaure
  2935 | D:5      | Noticed a sky beast
  2946 | D:5      | Killed Menkaure
  2946 | D:5      | Reached skill level 5 in Axes
  2946 | D:5      | Reached XP level 7. HP: 57/62 MP: 6/6
  2950 | D:5      | Reached * piety under Okawaru
  3518 | D:5      | Found a sparkling altar of Nemelex Xobeh.
  3674 | D:5      | Reached skill level 1 in Invocations
  3777 | D:5      | Found a runed translucent gate.
  3778 | D:5      | Found a runed translucent gate.
  3784 | D:5      | Found a runed translucent gate.
  3788 | D:5      | Noticed voshxz's ghost (novice OpTm)
  3788 | D:5      | Noticed voshxz's ghost (novice GrBe)
  3788 | D:5      | Noticed Cykl0x's ghost (novice FoFi)
  3818 | D:5      | Found a runed translucent door.
  3819 | D:5      | Noticed Crazy Yiuf
  3825 | D:5      | Killed Crazy Yiuf
  3825 | D:5      | Reached ** piety under Okawaru
  4120 | D:6      | Reached XP level 8. HP: 71/71 MP: 8/8
  4273 | D:6      | Noticed Eustachio
  4315 | D:6      | Killed Eustachio
  4316 | D:6      | Found a hide-covered altar of Uskayaw.
  4816 | D:7      | Found a glowing golden altar of the Shining One.
  4827 | D:7      | Found a transporter.
  4841 | D:7      | Reached *** piety under Okawaru
  4841 | D:7      | Reached XP level 9. HP: 79/79 MP: 10/10
  5113 | D:7      | Reached **** piety under Okawaru
  5224 | D:7      | Found a white marble altar of Elyvilon.
  5367 | D:7      | Noticed strelocc's ghost (novice GrBe)
  5368 | D:7      | Found a transporter.
  5371 | D:7      | Found a bloodstained altar of Trog.
  5423 | D:7      | Noticed a moth of wrath
  5446 | D:7      | Found a burning altar of Makhleb.
  5447 | D:7      | Found a shattered altar of Ashenzari.
  5522 | D:8      | Found an opulent altar of Gozag.
  5578 | D:8      | Reached skill level 5 in Invocations
  5593 | D:8      | Reached XP level 10. HP: 65/90 MP: 12/12
  5748 | D:8      | Noticed Erica
  5758 | D:8      | Killed Erica
  5888 | D:8      | Found a basalt altar of Yredelemnul.
  6120 | D:9      | Reached ***** piety under Okawaru
  6135 | D:9      | Noticed Grum
  6261 | D:9      | Killed Grum
  6371 | D:9      | Found a staircase to the Lair.
  6497 | D:9      | Found a stormy altar of Qazlal.
  6764 | D:9      | Found a hazy altar of Hepliaklqana.
  6939 | D:10     | Entered Level 10 of the Dungeon
  6976 | D:10     | Found a staircase to the Orcish Mines.
  7028 | D:10     | Got a bound brass ring
  7179 | D:10     | Identified the ring of Zin's Favour {rElec rPois MR+ AC+2
                  | Str+8} (You found it on level 10 of the Dungeon)
  7722 | D:11     | Reached skill level 10 in Armour
  7753 | D:11     | Reached skill level 10 in Fighting
  7851 | D:11     | Reached skill level 10 in Shields
  7884 | D:11     | Found a transporter.
  7901 | D:11     | Found a frozen archway.
  7911 | IceCv    | Entered an ice cave
  7925 | IceCv    | Received a gift from Okawaru
  7925 | IceCv    | Reached XP level 11. HP: 86/99 MP: 14/14
  8208 | IceCv    | Reached skill level 10 in Axes
  8251 | IceCv    | Noticed a death yak
  8265 | IceCv    | Killed a death yak
  8293 | IceCv    | Noticed a death yak
  8314 | IceCv    | Killed a death yak
  8322 | IceCv    | Reached ****** piety under Okawaru
  8378 | IceCv    | Received a gift from Okawaru
  8556 | IceCv    | Noticed a frost giant
  8567 | IceCv    | Received a gift from Okawaru
  8581 | IceCv    | Killed a frost giant
  8581 | IceCv    | Reached XP level 12. HP: 96/110 MP: 14/17
  8594 | IceCv    | Got a heavily runed plate armour {god gift}
  8605 | IceCv    | Identified the +5 plate armour "Ekhlarpho" {rC+ Str+4
                  | Slay+5} (Okawaru gifted it to you in an ice cave)
  8778 | D:11     | Noticed Ykky's ghost (journeyman DsMo)
  8787 | D:11     | Found a transporter.
  8945 | D:11     | Noticed Erolcha
  8951 | D:11     | Killed Erolcha
  9142 | D:11     | Noticed a six-headed hydra
  9149 | D:11     | Killed a three-headed hydra
  9174 | D:11     | Noticed Joseph
  9183 | D:11     | Killed Joseph
  9183 | D:11     | Received a gift from Okawaru
  9938 | D:5      | Killed voshxz's ghost
  9940 | D:5      | Killed voshxz's ghost
  9944 | D:5      | Killed Cykl0x's ghost
 10078 | D:7      | Killed strelocc's ghost
 10268 | D:11     | Killed Ykky's ghost
 10363 | Lair:1   | Entered Level 1 of the Lair of Beasts
 10376 | Lair:1   | Noticed Gastronok
 10405 | Lair:1   | Killed Gastronok
 10415 | Lair:1   | Reached XP level 13. HP: 82/119 MP: 18/18
 10556 | Lair:1   | Received a gift from Okawaru
 11838 | Lair:3   | Received a gift from Okawaru
 11894 | Lair:3   | Found a staircase to the Snake Pit.
 11944 | Lair:3   | Reached skill level 10 in Invocations
 11992 | Lair:3   | Noticed Rupert
 11997 | Lair:3   | Paralysed by Rupert for 5 turns
 12019 | Lair:3   | Killed Rupert
 12019 | Lair:3   | Received a gift from Okawaru
 12026 | Lair:3   | Got a warped hand axe {god gift}
 12027 | Lair:3   | Identified the +2 hand axe of Virtue {chop, SInv} (Okawaru
                  | gifted it to you on level 3 of the Lair of Beasts)
 12395 | Lair:3   | Found a runed translucent gate.
 12395 | Lair:3   | Found a runed translucent gate.
 12395 | Lair:3   | Found a runed translucent gate.
 12397 | Lair:3   | Noticed wpisznazwe's ghost (journeyman MfBe)
 12770 | Lair:3   | Killed wpisznazwe's ghost
 13011 | Lair:4   | Noticed Kirke
 13114 | Lair:4   | Killed Kirke
 13114 | Lair:4   | Reached XP level 14. HP: 129/129 MP: 20/20
 13222 | Lair:4   | Identified a scroll of acquirement
 13268 | Lair:4   | Found a staircase to the Swamp.
 13706 | Lair:5   | Received a gift from Okawaru
 13728 | Lair:5   | Got a scorched ring mail {god gift}
 13740 | Lair:5   | Identified the +0 ring mail "Rechufaol" {rN++ MR+ Int+3
                  | Stlth-} (Okawaru gifted it to you on level 5 of the Lair of
                  | Beasts)
 13790 | Lair:5   | Got an ancient rapier
 13791 | Lair:5   | Identified the +4 rapier of Division {pierce, rC+} (You
                  | found it on level 5 of the Lair of Beasts)
 13897 | Lair:5   | Found a dark tunnel.
 13907 | Volcano  | Entered a volcano
 13968 | Volcano  | Paralysed by a wizard for 5 turns
 14081 | Volcano  | Got a fine short sword
 14089 | Volcano  | Identified the +0 short sword of the End {pierce, +Fly MR+}
                  | (You found it in a volcano)
 14646 | Lair:6   | Entered Level 6 of the Lair of Beasts
 14705 | Lair:6   | Received a gift from Okawaru
 15035 | Lair:6   | Found a runed translucent door.
 15057 | Lair:6   | Paralysed by a hornet for 2 turns
 15416 | Lair:6   | Found a staircase to the Slime Pits.
 15428 | Lair:6   | Received a gift from Okawaru
 15704 | Lair:6   | Reached XP level 15. HP: 123/139 MP: 21/21
 15768 | Lair:6   | Reached skill level 15 in Armour
 15779 | Lair:6   | Reached skill level 15 in Fighting
 15783 | Lair:6   | Reached skill level 15 in Shields
 16090 | Lair:6   | Reached skill level 15 in Axes
 16288 | D:12     | Noticed Snorg
 16303 | D:12     | Killed Snorg
 16306 | D:12     | Received a gift from Okawaru
 16307 | D:12     | Got a smoking crystal plate armour {god gift}
 16318 | D:12     | Identified the +13 crystal plate armour of Chill Winds {MR+
                  | Stlth+} (Okawaru gifted it to you on level 12 of the
                  | Dungeon)
 16539 | D:12     | Got a smoking long sword
 16540 | D:12     | Identified the +11 long sword of the Eternal Warrior
                  | {slice, Int+5} (You found it on level 12 of the Dungeon)
 16919 | Orc:1    | Entered Level 1 of the Orcish Mines
 16936 | Orc:1    | Reached skill level 1 in Long Blades
 17110 | Orc:1    | Found a roughly hewn altar of Beogh.
 17323 | Orc:2    | Entered Level 2 of the Orcish Mines
 18589 | Orc:2    | Found Reigoaha's Antique Weapon Boutique.
 18592 | Orc:2    | Found Otietoq's Food Shop.
 18593 | Orc:2    | Found Duehah's Gadget Boutique.
 18593 | Orc:2    | Found Veucs's Food Boutique.
 18656 | Orc:2    | Found a staircase to the Elven Halls.
 18813 | D:13     | Received a gift from Okawaru
 19346 | D:13     | Reached XP level 16. HP: 151/151 MP: 22/22
 19508 | D:14     | Found a gate to the Vaults.
 19672 | D:14     | Reached skill level 5 in Long Blades
 20092 | D:15     | Entered Level 15 of the Dungeon
 20132 | D:15     | Noticed Thargor's ghost (journeyman GnWr)
 20198 | D:15     | Found a transporter.
 20202 | D:15     | Found a transporter.
 20415 | D:15     | Found Qoipp's Distillery.
 20422 | D:15     | Bought a potion of heal wounds for 65 gold pieces
 20422 | D:15     | Bought a potion of heal wounds for 65 gold pieces
 20422 | D:15     | Bought a potion of berserk rage for 65 gold pieces
 20454 | D:15     | Found a staircase to the Depths.
 20801 | D:15     | Received a gift from Okawaru
 21220 | D:15     | Killed Thargor's ghost
 21223 | D:15     | Got a dazzling hat
 21283 | D:15     | Identified the -6 hat of Hedge Wizardry {Int+3} (You found
                  | it on level 15 of the Dungeon)
 21501 | Swamp:1  | Entered Level 1 of the Swamp
 21550 | Swamp:1  | Got a dazzling long sword
 21551 | Swamp:1  | Identified the +10 long sword "Sarcophage" {drain, rC+++
                  | Str+4 Dex-4 SInv} (You found it on level 1 of the Swamp)
 22007 | Swamp:1  | Received a gift from Okawaru
 22008 | Swamp:1  | Got a crude hat {god gift}
 22019 | Swamp:1  | Identified the +0 hat of Refuge {*Contam rN+ Int+4 Stlth+}
                  | (Okawaru gifted it to you on level 1 of the Swamp)
 22024 | Swamp:1  | Gained mutation: Your spells are a little easier to cast,
                  | but a little less powerful. [mutagenic glow]
 22338 | Swamp:2  | Noticed a thorn hunter
 22353 | Swamp:2  | Killed a thorn hunter
 22924 | Swamp:3  | Noticed Bai Suzhen
 23047 | Swamp:3  | Killed Bai Suzhen
 23082 | Swamp:3  | Noticed Mara
 23083 | Swamp:3  | Noticed malark's illusion
 23090 | Swamp:3  | Noticed Louise
 23120 | Swamp:3  | Noticed malark's illusion
 23125 | Swamp:3  | Killed Louise
 23380 | Swamp:3  | Killed Mara
 23380 | Swamp:3  | Reached XP level 17. HP: 150/161 MP: 21/23
 23403 | Swamp:3  | Got a jewelled great sword
 23419 | Swamp:3  | Identified the +8 great sword "Jelly's Funeral" {drain,
                  | rN++} (You found it on level 3 of the Swamp)
 24094 | Swamp:4  | Entered Level 4 of the Swamp
 24127 | Swamp:4  | Received a gift from Okawaru
 24149 | Swamp:4  | Identified a +1 pair of boots of running (Okawaru gifted it
                  | to you on level 4 of the Swamp)
 24819 | Swamp:4  | Got a decaying rune of Zot
 25064 | Snake:1  | Entered Level 1 of the Snake Pit
 25155 | Snake:1  | Reached skill level 10 in Long Blades
 25439 | Snake:1  | Received a gift from Okawaru
 25455 | Snake:1  | Got a crude war axe {god gift}
 25456 | Snake:1  | Identified the +2 war axe of Gittuwne {chop, rElec}
                  | (Okawaru gifted it to you on level 1 of the Snake Pit)
 25807 | Snake:2  | Reached XP level 18. HP: 163/171 MP: 24/24
 26195 | Snake:2  | Found Qicij's Food Shoppe.
 26195 | Snake:2  | Found Imuxziwo's Antique Weapon Emporium.
 26196 | Snake:2  | Found Vituutih's Armour Shoppe.
 26200 | Snake:2  | Found Ataheot's Book Emporium.
 26558 | Snake:3  | Received a gift from Okawaru
 27064 | Snake:4  | Entered Level 4 of the Snake Pit
 27202 | Snake:4  | Identified Vobuteor's Incunabulum of Experimentation
 27639 | Snake:4  | Received a gift from Okawaru
 27640 | Snake:4  | Got a warped hand axe {god gift}
 27777 | Snake:3  | Identified the +1 hand axe of Truth {freeze, Str+7 Int+5
                  | Dex-4} (Okawaru gifted it to you on level 4 of the Snake
                  | Pit)
 28238 | Snake:4  | Received a gift from Okawaru
 28243 | Snake:4  | Got a transparent plate armour {god gift}
 28260 | Snake:4  | Identified the +1 plate armour of Forking Paths {rPois rC+
                  | Str+6} (Okawaru gifted it to you on level 4 of the Snake
                  | Pit)
 28356 | Snake:4  | Got a serpentine rune of Zot
 28540 | Snake:4  | Reached XP level 19. HP: 169/181 MP: 25/25
 28971 | Vaults:1 | Entered Level 1 of the Vaults
 30357 | Vaults:2 | Received a gift from Okawaru
 30366 | Vaults:2 | Got a brightly glowing plate armour {god gift}
 30377 | Vaults:2 | Identified the +4 plate armour of Okawaru's Favour {rElec
                  | rPois rCorr Slay+2} (Okawaru gifted it to you on level 2 of
                  | the Vaults)
 30423 | Vaults:2 | Found a staircase to the Crypt.
 30659 | Vaults:2 | Noticed Saint Roka
 30856 | Vaults:2 | Killed Saint Roka
 31222 | Vaults:2 | You are sucked into a shaft!
 31477 | Vaults:2 | Identified the cursed +1 plate armour of Conscience {rElec
                  | rCorr Stlth+}
 31962 | Vaults:3 | Noticed Jory
 31988 | Vaults:3 | Killed Jory
 32140 | Vaults:3 | Received a gift from Okawaru
 32140 | Vaults:3 | Reached XP level 20. HP: 181/187 MP: 26/26
 32299 | Vaults:3 | Received a gift from Okawaru
 32310 | Vaults:3 | Got a bloodstained war axe {god gift}
 32312 | Vaults:3 | Identified the +5 war axe of Okawaru's Displeasure {freeze,
                  | Str+3} (Okawaru gifted it to you on level 3 of the Vaults)
 32957 | Vaults:3 | Received a gift from Okawaru
 33720 | Vaults:4 | Received a gift from Okawaru
 33727 | Vaults:4 | Got a translucent crystal plate armour {god gift}
 33796 | Vaults:4 | Identified the +8 crystal plate armour of Nevvesit {rF+
                  | Dex+5} (Okawaru gifted it to you on level 4 of the Vaults)
 34077 | Vaults:4 | Reached XP level 21. HP: 184/197 MP: 27/27
 34138 | Vaults:4 | Reached skill level 15 in Long Blades
 34640 | Vaults:4 | Received a gift from Okawaru
 35755 | Elf:1    | Entered Level 1 of the Elven Halls
 35771 | Elf:1    | Found Lezyximm's Antique Armour Shoppe.
 35776 | Elf:1    | Bought a pair of transparent gloves for 275 gold pieces
 35786 | Elf:1    | Identified the cursed -7 pair of gloves of Coismati {MR+}
                  | (You bought it in a shop on level 1 of the Elven Halls)
 35836 | Elf:1    | Found a portal to a secret trove of treasure.
 36579 | Elf:2    | Found a runed translucent gate.
 36579 | Elf:2    | Found a runed translucent gate.
 36580 | Elf:2    | Found a runed translucent gate.
 36596 | Elf:2    | Noticed Aizul
 36611 | Elf:2    | Killed Aizul
 36611 | Elf:2    | Received a gift from Okawaru
 36694 | Elf:2    | Got an ancient broad axe {god gift}
 36702 | Elf:2    | Identified the +0 broad axe of Dishonesty {vamp, rF- MR++}
                  | (Okawaru gifted it to you on level 2 of the Elven Halls)
 36905 | Elf:2    | Found Eruannef's Book Shop.
 37359 | Elf:2    | Received a gift from Okawaru
 37365 | Elf:2    | Got a transparent large shield {god gift}
 37376 | Elf:2    | Identified the +2 large shield of Adeleesu {rPois rC+
                  | Regen+} (Okawaru gifted it to you on level 2 of the Elven
                  | Halls)
 37479 | Elf:3    | Entered Level 3 of the Elven Halls
 37679 | Elf:3    | Reached XP level 22. HP: 166/213 MP: 21/28
 37706 | Elf:3    | HP: 2/213 [deep elf death mage/bolt of negative energy
                  | (18)]
 38413 | Elf:3    | Received a gift from Okawaru
 38496 | Elf:3    | Received a gift from Okawaru
 38615 | Elf:3    | Found the +7 Spriggan's Knife {stab, EV+4 Stlth+}
 38615 | Elf:3    | Found the +7 Kryia's mail coat {PotionHeal*2 rC+}
 38669 | Elf:3    | Identified the Almanac of Weightlessness and Augmentations
 38678 | Elf:3    | Got a transparent wooden ring
 38682 | Elf:3    | Identified the ring "Ebueci" {rF+ rN+ Dex+2} (You found it
                  | on level 3 of the Elven Halls)
 38691 | Elf:3    | Got a transparent iron amulet
 38692 | Elf:3    | Identified the amulet "Ticuosoc" {Harm *Drain rPois MR-
                  | Str+2 SInv} (You found it on level 3 of the Elven Halls)
 38788 | Elf:3    | Got an ichor-stained leather armour
 38822 | Elf:3    | Identified the Collected Works on Harmful Air
 39251 | Depths:1 | Entered Level 1 of the Depths
 39430 | Depths:1 | Got a pair of smoking boots
 39431 | Depths:1 | Identified the cursed +0 pair of boots of Agnosticism
                  | {*Corrode rN++ Int+4} (You found it on level 1 of the
                  | Depths)
 39439 | Depths:1 | Found a one-way gate to the infinite horrors of the Abyss.
 39555 | Depths:1 | Received a gift from Okawaru
 40122 | Depths:1 | Got a faintly glowing mace
 40123 | Depths:1 | Identified the +3 mace of Fuac Toj {crush, *Corrode rN+++
                  | MR-} (You found it on level 1 of the Depths)
 40160 | Depths:1 | Found a gateway to Hell.
 40593 | Depths:2 | Received a gift from Okawaru
 41132 | Depths:2 | Found the +10 morningstar "Eos" {elec, Halo rElec}
 41135 | Depths:2 | Got a steaming pewter ring
 41141 | Depths:2 | Got a transparent flail
 41145 | Depths:2 | Got a shadowed robe
 41149 | Depths:2 | Identified the cursed +1 flail of Law {venom, +Rage Str+6}
                  | (You found it on level 2 of the Depths)
 41162 | Depths:2 | Identified the ring "Cefoid" {rC+ MR+ Int+2 Dex+2} (You
                  | found it on level 2 of the Depths)
 41228 | Depths:2 | Reached XP level 23. HP: 222/222 MP: 6/29
 41257 | Depths:2 | Identified the Collected Works on Destructive Ignition
 41587 | Depths:2 | Found the +9 heavy crossbow "Sniper" {velocity, Acc+∞ SInv}
 41859 | Depths:3 | Received a gift from Okawaru
 41881 | Depths:3 | Got a faintly glowing longbow {god gift}
 41959 | Depths:3 | Found a one-way gate leading to the halls of Pandemonium.
 42031 | Depths:3 | Found a gateway to a ziggurat.
 42220 | Depths:3 | Noticed a caustic shrike
 42235 | Depths:3 | Killed a caustic shrike
 42236 | Depths:3 | Noticed Xtahua
 42534 | Depths:3 | Killed Xtahua
 42694 | Depths:3 | Got a brightly glowing leather armour
 42961 | Depths:3 | Got a pair of steaming boots
 42962 | Depths:3 | Identified the +1 pair of boots of Immorality {rC+++ rCorr
                  | Str-4 Int+4} (You found it on level 3 of the Depths)
 43191 | Depths:4 | Received a gift from Okawaru
 43291 | Depths:4 | Noticed Margery
 43325 | Depths:4 | Killed Margery
 43528 | Depths:4 | Noticed a caustic shrike
 43528 | Depths:4 | Noticed a caustic shrike
 43528 | Depths:4 | Noticed a caustic shrike
 43530 | Depths:4 | Noticed a caustic shrike
 43530 | Depths:4 | Noticed a caustic shrike
 43848 | Depths:4 | Noticed a juggernaut
 43848 | Depths:4 | Noticed a shard shrike
 43848 | Depths:4 | a juggernaut changed into a shard shrike
 43865 | Depths:4 | Noticed a caustic shrike
 43865 | Depths:4 | an iron dragon changed into a caustic shrike
 43867 | Depths:4 | a caustic shrike changed into an iron dragon
 43966 | Depths:4 | Reached XP level 24. HP: 233/233 MP: 29/29
 44146 | Depths:4 | Received a gift from Okawaru
 44364 | Depths:4 | Found a shadowy altar of Dithmenos.
 44370 | Depths:4 | Got ichor-stained shadow dragon scales
 44393 | Depths:4 | Identified the +3 shadow dragon scales of Jukk {rPois rCorr
                  | Dex+4 Stlth++++} (You found it on level 4 of the Depths)
 44589 | Depths:5 | Entered Level 5 of the Depths
 44724 | Depths:5 | Identified the +3 faerie dragon scales {MR+ rCorr Dex+5}
 44724 | Depths:5 | Noticed the Enchantress
 44740 | Depths:5 | Paralysed by a floating eye for 2 turns
 44749 | Depths:5 | Killed the Enchantress
 45377 | Depths:5 | Received a gift from Okawaru
 45601 | Depths:5 | Found a gate to the Realm of Zot.
 46022 | Vaults:5 | Entered Level 5 of the Vaults
 46022 | Vaults:5 | Noticed Sojobo
 46189 | Vaults:5 | Received a gift from Okawaru
 46635 | Vaults:5 | Reached XP level 25. HP: 202/243 MP: 29/29
 47264 | Vaults:5 | Identified the +0 great sword of Gallantry {venom, rPois
                  | rF+ Int+2}
 47291 | Vaults:5 | Killed Sojobo
 47291 | Vaults:5 | Received a gift from Okawaru
 47636 | Vaults:5 | Identified the cursed +0 robe of Asoisoat {rF+ rN+}
 48056 | Vaults:5 | Got a silver rune of Zot
 48297 | Vaults:5 | Received a gift from Okawaru
 48298 | Vaults:5 | Got a brightly glowing hand axe {god gift}
 48299 | Vaults:5 | Identified the +1 hand axe of Grontol {holy, *Corrode
                  | Str+5} (Okawaru gifted it to you on level 5 of the Vaults)
 48453 | Vaults:5 | Identified Voevic Egoa's Disquisition on the Boosting
                  | Voyage
 48588 | Vaults:5 | Noticed an ancient lich
 48598 | Vaults:5 | Killed an ancient lich
 48991 | Zot:1    | Entered Level 1 of the Realm of Zot
 49015 | Zot:1    | Noticed an ancient lich
 49031 | Zot:1    | Killed an ancient lich
 49144 | Zot:1    | Noticed an orb of fire
 49168 | Zot:1    | Gained mutation: You do not regenerate when monsters are
                  | visible. [an orb of fire]
 49195 | Zot:1    | Gained mutation: Scrolls take you a little longer to read.
                  | [an orb of fire]
 49204 | Zot:1    | Killed from afar by an orb of fire

Skill      XL: |  1  2  3  4  5  6  7  8  9 10 11 12 13 14 15 16 17 18 19 20 21 22 23 24 25 |
---------------+----------------------------------------------------------------------------+-----
Fighting       | 4 5 6 7 8 10 11 12 13 14 15 17 18 19 20 21 22 23 24 | 24.0
Shields        | 4 5 6 7 8 10 11 12 13 14 15 16 17 18 19 20 21 22 23 | 23.9
Armour         | 4 5 6 7 8 10 11 12 13 14 15 17 18 19 20 21 22 23 24 | 24.0
Axes           | 3 4 5 7 8 9 11 12 13 14 15 16 17 18 19 20 21 22 23 | 23.9
Invocations    | 1 3 5 6 8 9 10 | 10.0
Long Blades    | 4 8 10 12 13 14 16 17 18 19 20 | 20.3

Action                   |  1- 3 |  4- 6 |  7- 9 | 10-12 | 13-15 | 16-18 | 19-21 | 22-24 | 25-27 || total
-------------------------+-------+-------+-------+-------+-------+-------+-------+-------+-------++-------
Melee: War axe           |    84 |   145 |   245 |       |    28 |   608 |   394 |   503 |   225 ||  2232
       Headbutt          |    12 |    19 |    60 |   136 |   367 |   439 |   517 |   543 |   148 ||  2241
       Hand axe          |       |       |    32 |   436 |  1188 |   407 |    82 |       |       ||  2145
       Long sword        |       |       |       |       |       |   370 |  1057 |  1087 |   242 ||  2756
       Morningstar       |       |       |       |       |       |       |       |       |     9 ||     9
Invok: Heroism           |       |       |     2 |     9 |    12 |    17 |    16 |    19 |     9 ||    84
       Finesse           |       |       |       |     3 |     2 |     3 |     5 |     6 |     7 ||    26
Evoke: Sack of spiders   |       |       |       |       |     1 |       |       |    26 |       ||    27
  Use: Scroll            |     8 |     4 |     6 |    15 |    15 |    16 |    12 |    31 |       ||   107
       Potion            |       |     2 |     4 |     4 |     2 |    14 |     6 |    16 |     1 ||    49
 Stab: Distracted        |       |       |       |       |     1 |       |       |     1 |     1 ||     3
       Confused          |       |       |       |       |     1 |       |       |       |       ||     1
       Invisible         |       |       |       |       |       |       |       |     5 |       ||     5
  Eat: Chunk             |     1 |     5 |     6 |     4 |    18 |    10 |    11 |     6 |       ||    61
       Ration            |       |     1 |       |     4 |     3 |     6 |     7 |    10 |       ||    31
Armor: Scale mail        |    45 |    38 |       |       |       |       |       |       |       ||    83
       Chain mail        |       |    17 |    77 |       |       |       |       |       |       ||    94
       Plate armour      |       |       |    59 |   126 |   235 |       |       |       |       ||   420
       Crystal plate arm |       |       |       |       |   156 |   849 |   522 |   659 |   206 ||  2392
Dodge: Dodged            |    23 |    33 |    72 |    61 |   137 |   311 |   156 |   215 |    66 ||  1074
Block: Shield            |    48 |    90 |   186 |   270 |   720 |  1200 |   950 |       |       ||  3464
       Large shield      |       |       |       |       |       |       |    45 |  1773 |   557 ||  2375
       Rpst.: Long sword |       |       |       |       |       |    16 |    17 |    17 |     6 ||    56
